Map: [ESL] Cosmic Sapphire

Players

Kelazhur - Winner!

  • Race: Terran Terran
  • Spawn Location: 11:00

SpeCial

  • Race: Terran Terran
  • Spawn Location: 5:00

Event: TSL 9

VOD

Have the link to the VOD?

Description

Time

  • Played on: July 30, 2022, 12:05 p.m.
  • Length: 12:28

All games in this series

Show
View Real Time Build Order
Export as new Build Order

Kelazhur Terran - Winner!

Build Orders:  

Get SALT Encoding   

  12  0:00  SCV  
  13  0:12  SCV  
  14  0:17  Supply Depot  
  14  0:24  SCV  
  15  0:38  SCV  
  15  0:40  Barracks  
  15  0:42  Refinery  
  16  0:50  SCV  
  16  0:52  Refinery  
  17  1:03  SCV  
  18  1:15  SCV  
  19  1:27  Reaper, Orbital Command  
  19  1:32  Supply Depot  
  20  1:43  Factory  
  20  1:53  SCV  
  21  1:59  Reaper  
  22  2:05  SCV  
  22  2:06  Supply Depot  
  22  2:17  SCV  
  23  2:29  SCV  
  25  2:30  Hellion  
  25  2:31  Reaper  
  25  2:41  SCV  
  28  2:51  Hellion  
  28  2:53  SCV  
  29  3:03  Reaper  
  30  3:05  SCV  
  33  3:13  Hellion  
  33  3:17  Command Center  
  33  3:18  SCV  
  34  3:30  SCV  
  34  3:32  Supply Depot  
  37  3:34  Hellion  
  37  3:36  Reaper  
  37  3:41  Starport  
  38  3:53  SCV  
  39  3:59  Factory Tech Lab  
  39  4:08  SCV  
  39  4:09  Barracks Reactor  
  40  4:14  Supply Depot  
  40  4:20  SCV  
  40  4:29  Factory Tech Lab, Raven, Orbital Command  
  42  4:32  SCV  
  37  4:44  SCV  
  38  4:50  Marine  
  38  4:51  Marine  
  40  4:53  Siege Tank  
  40  4:56  SCV  
  40  4:58  SCV  
  40  5:02  Bunker  
  40  5:06  Command Center  
  40  5:08  SCV  
  40  5:11  Raven, Marine x2  
  45  5:15  SCV  
  45  5:20  SCV  
  47  5:27  SCV  
  46  5:28  Siege Tank  
  46  5:29  Marine  
  46  5:33  SCV  
  50  5:39  Orbital Command  
  51  5:44  Marine  
  51  5:45  SCV  
  51  5:47  Marine  
  52  5:50  Refinery  
  53  5:57  SCV  
  53  6:08  Siege Tank  
  53  6:09  Refinery, SCV x2  
  58  6:17  Viking x2, Marine  
  63  6:19  Orbital Command  
  63  6:20  Supply Depot  
  63  6:21  SCV x2  
  65  6:33  SCV x2  
  65  6:34  Barracks  
  65  6:36  Barracks  
  67  6:40  Engineering Bay x2  
  67  6:45  SCV, Siege Tank  
  67  6:46  SCV  
  67  6:47  SCV  
  73  6:53  Supply Depot  
  73  6:54  Stimpack  
  73  6:58  SCV x2  
  73  6:59  SCV  
  76  7:03  Medivac x2  
  76  7:04  Marine  
  81  7:10  SCV  
  81  7:11  SCV  
  81  7:12  Orbital Command  
  83  7:16  Terran Infantry Weapons Level 1  
  83  7:21  Barracks x2  
  83  7:22  SCV  
  84  7:23  SCV  
  84  7:27  Barracks Reactor  
  84  7:28  Marine  
  86  7:30  Refinery  
  86  7:33  Supply Depot  
  86  7:34  SCV, Siege Tank  
  90  7:37  SCV  
  90  7:38  SCV  
  90  7:40  Marine  
  93  7:46  SCV  
  93  7:49  SCV  
  93  7:54  SCV  
  93  7:56  Barracks Reactor  
  93  7:58  Supply Depot, SCV, Marine  
  95  8:01  SCV  
  95  8:04  Sensor Tower  
  96  8:06  SCV  
  96  8:10  SCV  
  96  8:11  Refinery  
  98  8:14  Barracks Tech Lab x2, Marine x2  
  98  8:19  Supply Depot  
  100  8:20  Supply Depot, Viking, Siege Tank, Marauder  
  100  8:21  SCV x2  
  100  8:22  Supply Depot  
  109  8:27  Terran Infantry Armor Level 1  
  109  8:35  SCV  
  109  8:37  Marine  
  109  8:40  SCV, Marine x2  
  109  8:41  Marauder x2  
  116  8:42  Marauder  
  117  8:56  Marine  
  117  8:58  Marine  
  117  9:01  Command Center  
  117  9:02  Siege Tank, Marauder  
  124  9:05  SCV x2  
  124  9:08  Marine x2  
  124  9:09  Marauder  
  130  9:13  Supply Depot  
  130  9:16  Supply Depot  
  129  9:18  Supply Depot, Medivac  
  129  9:21  Medivac  
  129  9:22  Concussive Shells  
  129  9:24  Combat Shield  
  133  9:29  Supply Depot  
  132  9:33  Supply Depot  
  132  9:36  Marine x2  
  132  9:37  Marauder x2  
  138  9:40  Marauder, Marine x2  
  138  9:43  Siege Tank  
  145  9:47  Supply Depot  
  145  9:53  Viking x2  
  145  9:58  Marauder  
  145  9:59  Marauder, Marine x2  
  154  10:13  Marauder  
  134  10:15  Marine x2  
  134  10:18  Siege Tank  
  134  10:19  Marauder  
  141  10:22  Marauder  
  141  10:25  Marine x2  
  141  10:26  Medivac  
  132  10:33  Marine x2  
  132  10:34  Marauder  
  130  10:39  SCV x2  
  130  10:41  Marauder  
  125  10:43  Marine x2  
  125  10:44  Marauder  
  129  10:50  Siege Tank, Marine  
  129  10:51  SCV x2, Marine  
  129  10:53  Barracks  
  129  10:54  Barracks  
  129  10:56  Marauder  
  138  11:02  Marauder  
  140  11:05  Marauder  
  140  11:09  Marine x2  
  140  11:10  Medivac  
  140  11:11  Marine  
  147  11:12  Marine  
  147  11:13  SCV  
  147  11:15  SCV  
  147  11:17  Marauder  
  137  11:22  Siege Tank  
  137  11:24  Marauder  
  142  11:26  Marauder  
  142  11:27  SCV, Marine x2  
  144  11:40  Marauder, Marine x2  
  138  11:47  Marauder  
  138  11:50  Marauder, Marine x2  
  128  11:54  Siege Tank  
  128  11:55  Viking  
  128  11:57  Marine  
  128  12:04  Marauder, Marine  
Show
View Real Time Build Order
Export as new Build Order

SpeCial Terran 

Build Orders: Mech 

Get SALT Encoding   

  12  0:00  SCV  
  13  0:12  SCV  
  14  0:18  Supply Depot  
  14  0:24  SCV  
  15  0:40  Barracks  
  15  0:43  Refinery  
  15  0:57  Barracks  
  15  1:00  SCV  
  16  1:12  SCV  
  17  1:27  Reaper  
  17  1:28  Orbital Command  
  18  1:33  Refinery  
  18  1:44  Reaper  
  19  1:55  SCV  
  20  2:01  Reaper  
  20  2:02  Supply Depot  
  20  2:07  SCV  
  22  2:16  Reaper  
  23  2:23  SCV  
  23  2:34  Factory  
  22  2:38  Reaper  
  22  2:39  SCV  
  24  2:49  Reaper  
  24  2:51  SCV  
  26  3:02  Command Center  
  26  3:03  SCV  
  27  3:11  Reaper  
  28  3:15  SCV  
  28  3:17  Factory Tech Lab  
  28  3:18  Supply Depot  
  29  3:27  SCV  
  30  3:37  Mag-Field Accelerator  
  30  3:39  SCV  
  30  3:40  Cyclone  
  33  3:51  SCV  
  34  4:01  Factory  
  34  4:03  SCV  
  35  4:12  Supply Depot  
  35  4:14  Cyclone  
  35  4:16  SCV  
  39  4:25  Refinery  
  39  4:32  SCV  
  35  4:42  Orbital Command  
  35  4:44  SCV  
  35  4:49  Factory Tech Lab  
  35  4:52  Cyclone  
  34  4:56  SCV  
  35  5:01  Marine  
  36  5:07  SCV  
  36  5:08  SCV  
  36  5:14  Cyclone, Command Center  
  41  5:19  SCV, Marine  
  41  5:20  SCV  
  44  5:40  SCV x2  
  44  5:42  Widow Mine  
  48  5:46  Widow Mine  
  48  5:51  Starport  
  48  5:54  SCV x2  
  50  6:02  Supply Depot  
  50  6:06  SCV x2  
  52  6:11  Cyclone x2  
  52  6:18  SCV  
  59  6:22  SCV  
  59  6:24  Refinery  
  59  6:25  Supply Depot  
  60  6:30  SCV  
  60  6:32  Starport Reactor  
  61  6:33  SCV  
  61  6:34  SCV  
  61  6:35  Engineering Bay  
  63  6:44  SCV  
  63  6:46  Orbital Command  
  64  6:50  Siege Tank x2  
  70  6:55  SCV  
  70  6:57  SCV  
  72  7:06  Missile Turret  
  72  7:07  SCV, Missile Turret  
  73  7:09  Liberator x2, SCV  
  73  7:12  SCV  
  81  7:19  SCV  
  81  7:21  SCV  
  83  7:24  SCV  
  83  7:25  Siege Tank, Factory  
  83  7:28  Refinery  
  87  7:31  SCV  
  87  7:33  SCV  
  87  7:35  Siege Tank  
  87  7:36  SCV  
  93  7:40  Command Center  
  93  7:51  Supply Depot x2  
  93  8:00  Refinery  
  93  8:09  Viking, Factory Reactor, SCV  
  93  8:13  Viking, SCV x2  
  93  8:14  Supply Depot  
  93  8:15  Supply Depot  
  97  8:21  SCV  
  97  8:22  Armory, Sensor Tower  
  97  8:25  SCV x2  
  100  8:32  Siege Tank x2  
  100  8:34  SCV  
  107  8:37  SCV x2  
  109  8:46  SCV, Viking x2  
  111  8:49  SCV x2  
  111  8:50  Hellion  
  113  8:57  Planetary Fortress  
  113  8:58  SCV  
  113  9:01  SCV x2, Missile Turret  
  116  9:10  SCV  
  116  9:13  Terran Vehicle Weapons Level 1, SCV x2, Supply Depot  
  116  9:15  Hellion x2  
  123  9:22  SCV  
  123  9:23  Siege Tank x2  
  130  9:25  SCV x2, Sensor Tower  
  132  9:31  Viking x2  
  132  9:34  SCV  
  132  9:35  SCV  
  132  9:37  SCV x2  
  140  9:41  Hellion x2  
  144  9:46  SCV  
  144  9:47  SCV, Factory  
  144  9:48  Supply Depot  
  146  9:54  Factory  
  146  9:55  Infernal Pre-Igniter  
  146  9:59  SCV x2  
  148  10:07  SCV  
  133  10:20  Viking  
  132  10:27  SCV  
  132  10:28  SCV x3  
  108  10:39  SCV  
  108  10:40  SCV x3  
  108  10:41  Hellion x2, Factory Tech Lab, Factory Reactor  
  108  10:48  Siege Tank x2  
  112  10:50  Sensor Tower  
  112  10:51  SCV  
  112  10:54  SCV x2  
  112  10:56  SCV  
  116  11:00  Viking x2  
  116  11:02  Hellion x2  
  124  11:10  Siege Tank  
  121  11:18  Hellion  
  97  11:20  SCV, Siege Tank x2  
  102  11:32  SCV  
  102  11:33  Refinery  
  102  11:34  Refinery, SCV  
  102  11:35  SCV  
  105  11:42  Siege Tank  
  105  11:45  SCV  
  105  11:47  SCV  
  92  11:48  Hellion  
  92  11:49  SCV  
  92  11:52  Hellion x3, Siege Tank x2  
  88  11:57  SCV  
  88  11:59  SCV  
  88  12:01  SCV  
  91  12:11  SCV  
  91  12:13  SCV  
Tags
 
Composition
Mech
Event
TSL 9
Matchup
TvT
Race
Terran
Spawn Locations
Cross Positions
Add a new tag
Caveats
  • Supply blocks, unpowered buildings, or Contaminate may cause inaccurate times.
  • Supply counts are checked every 10 seconds.